 Dungeon Crawl Stone Soup version 0.24-a0-446-g87df7205b4 (webtiles) character file.

Game seed: 16699219871436868985

5320 drasked the Grappler (level 10, -7/104 HPs)
             Began as a Troll Monk on June 23, 2019.
             Splashed by Maurice's acid (14 damage)
             ... on level 9 of the Dungeon.
             The game lasted 00:16:45 (7199 turns).

drasked the Grappler (Troll Monk)                   Turns: 7199, Time: 00:16:45

Health: -7/104     AC:  4    Str: 21    XL:     10   Next: 38%
Magic:  9/9        EV: 10    Int:  9    God:
Gold:   368        SH:  0    Dex: 12    Spells: 9/9 levels left

rFire    . . .     SeeInvis .     - Unarmed
rCold    + . .     Gourm    +   (no shield)
rNeg     . . .     Faith    .   o - +2 robe {rC+}
rPois    .         Spirit   .   (helmet restricted)
rElec    .         Reflect  .   (no cloak)
rCorr    .         Harm     .   (gloves unavailable)
MR       .....                  (boots unavailable)
Stlth    +++.......             (no amulet)
HPRegen  0.67/turn              i - ring of stealth {Stlth+}
MPRegen  0.11/turn              (no ring)

@: corroded
A: large, unfitting armour, claws 3, fast metabolism 3, gourmand, regeneration
1, shaggy fur 1, tough skin 3
a: no special abilities


You were on level 9 of the Dungeon.
You were completely stuffed.

You visited 2 branches of the dungeon, and saw 10 of its levels.

You collected 473 gold pieces.
You spent 105 gold pieces at shops.

Inventory:

Missiles
 A - 15 poisoned darts (quivered)
Armour
 o - a +2 robe of cold resistance (worn)
   (You bought it in a shop on level 4 of the Dungeon)
Magical Staves
 q - an uncursed staff of earth
   (You found it on level 5 of the Dungeon)
Jewellery
 i - a ring of stealth (left claw) {Stlth+}
   (You found it on level 2 of the Dungeon)
Wands
 s - a wand of acid (2)
   (You found it on level 6 of the Dungeon)
Scrolls
 c - 4 scrolls of remove curse
 e - 3 scrolls of enchant armour {unknown}
 g - 2 scrolls of teleportation {unknown}
 h - 6 scrolls of identify
 l - a scroll of blinking {unknown}
 m - a scroll of amnesia {unknown}
 p - a scroll of immolation {unknown}
 r - a scroll of fear {unknown}
 t - 3 scrolls of magic mapping {unknown}
 u - a scroll of noise {unknown}
 v - a scroll of acquirement {unknown}
 x - 2 scrolls of fog {unknown}
 C - a scroll of holy word {unknown}
Potions
 a - 2 potions of magic {unknown}
 d - a potion of curing
 f - 4 potions of flight
 j - a potion of ambrosia
 k - 3 potions of berserk rage {unknown}
 n - a potion of might {unknown}
 w - a potion of cancellation {unknown}
 z - 2 potions of degeneration {unknown}
Comestibles
 b - 18 rations
 B - a chunk of flesh {@w0}


   Skills:
 + Level 7.9 Fighting
 - Level 2.4 Dodging
 - Level 1.0 Stealth
 * Level 12.6 Unarmed Combat


You had 9 spell levels left.
You didn't know any spells.
Your spell library contained the following spells:

 Spells                   Type           Power        Failure   Level  Hunger
 Beastly Appendage        Tmut           #.....       38%         1    ##.....
 Magic Dart               Conj           #...         38%         1    ##.....
 Blink                    Tloc           N/A          52%         2    ###....
 Call Imp                 Summ           #.......     52%         2    ###....
 Slow                     Hex            #.......     52%         2    ###....
 Sticks to Snakes         Tmut           #.......     52%         2    ###....
 Conjure Flame            Conj/Fire      #.......     77%         3    ####...
 Mephitic Cloud           Conj/Pois/Air  #.......     77%         3    ####...
 Spider Form              Tmut/Pois      #.........   77%         3    ####...
 Ice Form                 Ice/Tmut       #.......     99%         4    #####..
 Blade Hands              Tmut           #.........   100%        5    ######.


Dungeon Overview and Level Annotations

Branches:
Dungeon (9/15)             Temple (1/1) D:7
   Lair: D:8-11         Orc: D:9-12

Altars:
Ashenzari
Cheibriados
Dithmenos
Elyvilon
Fedhas
Gozag
Hepliaklqana
Kikubaaqudgha
Makhleb
Nemelex Xobeh
Okawaru
Qazlal
Ru
Sif Muna
Trog
Uskayaw
Vehumet
Wu Jian
Xom
Yredelemnul
Zin
The Shining One

Shops:
D:4 *[:%

Annotations:
D:9 Maurice


Innate Abilities, Weirdness & Mutations

You are too large for most types of armour.
You have claws for hands.
Your metabolism is lightning-fast.
You like to eat raw meat.
Your natural rate of healing is unusually fast.
You are covered in fur. (AC +1)
You have extremely tough skin. (AC +3)


Message History

You mangle the orc!!
You kill the orc!
The orc barely misses you. The orc hits you but does no damage.
You mangle the orc!!
You kill the orc!
You mangle the orc!!
You kill the orc!
No target in view!
No target in view!
You now have 368 gold pieces (gained 3).
Things that are here:
a +0 hand axe; a +0 scale mail You regained 2 hp, and now have 103/104 hp.
There isn't anything to butcher here.
Items here: )) [[ † a +0 flail; a +0 ring mail; a +0 dire flail; a +0 plate armour; an orc corpse You butcher the orc corpse.
B - 2 chunks of flesh {@w0}
Items here: )) [[ ÷ a +0 flail; a +0 ring mail; a +0 dire flail; a +0 plate armour; an orc skeleton Health restored: 104
Items here: )) [[ ÷ a +0 flail; a +0 ring mail; a +0 dire flail; a +0 plate armour; an orc skeleton Eating one of 2 chunks of flesh {@w0}.
You eat one of the 2 chunks of flesh {@w0}.
This raw flesh tastes great.
Items here: ( )) [ a +0 hunting sling; a +0 quarterstaff; 23 sling bullets; a +0 ring mail Maurice the Thief comes into view.
He is wielding a +0 dagger and carrying a wand of acid (9).
Throwing (i - inventory)
y - 2 curare-tipped darts (quivered)
Aim: Maurice, wielding a +0 dagger, wearing a +1 cloak and carrying a wand of acid (9) (resting)
You throw a curare-tipped dart. The curare-tipped dart hits Maurice.
Maurice is poisoned.
Maurice convulses.
Maurice seems to slow down.
Throwing (i - inventory)
y - a curare-tipped dart (quivered)
Aim: Maurice, wielding a +0 dagger, wearing a +1 cloak and carrying a wand of acid (9) (lightly wounded, slow, poisoned)
You throw a curare-tipped dart.
The curare-tipped dart closely misses Maurice.
Maurice zaps a wand.
The bolt of acid misses you.
Quiver which item? (- for none, * to show all) (? for menu, Esc to quit)
Quivering
A - 29 poisoned darts for throwing.
Throwing (i - inventory)
A - 29 poisoned darts (quivered)
Aim: Maurice, wielding a +0 dagger, wearing a +1 cloak and carrying a wand of acid (8) (lightly wounded, slow, poisoned)
You throw a poisoned dart. The poisoned dart hits Maurice.
Maurice looks even sicker.
Maurice casts a spell.
Maurice blinks!
Throwing (i - inventory)
A - 28 poisoned darts (quivered)
Aim: Maurice, wielding a +0 dagger, wearing a +1 cloak and carrying a wand of acid (8) (lightly wounded, slow, poisoned)
You throw a poisoned dart. The poisoned dart hits Maurice.
Maurice mumbles some strange words.
Maurice flickers and vanishes!
Deactivating autopickup; reactivate with Ctrl-A.
Something hits you.
Something steals 3 of your 4 potions of curing!
You take 2 damage, and have 102/104 hp.
You hear some strange, mumbled words.
You scratch something. You claw something! You miss something.
Health restored: 104 You barely miss something.
You hear a zap.
A bolt of acid appears from out of thin air!
The bolt of acid hits you!
You are splashed with acid!
You take 25 damage, and have 79/104 hp.
MASSIVE DAMAGE!!
You claw something! You barely miss something.
You hear some strange, mumbled words.
Things that are here:
a poisoned dart; a ring mail
A - 28 poisoned darts (gained 1)
You hear a zap.
A bolt of acid appears from out of thin air!
The bolt of acid hits you! The acid corrodes you!
You are splashed with acid!
You take 23 damage, and have 58/104 hp.
MASSIVE DAMAGE!!
You hear a zap.
A bolt of acid appears from out of thin air!
The bolt of acid hits you!
You are splashed with acid!
* * * LOW HITPOINT WARNING * * *
You take 28 damage, and have 31/104 hp.
MASSIVE DAMAGE!!
Something hits you.
* * * LOW HITPOINT WARNING * * *
Something steals 1 of your 2 scrolls labeled MUXKEU TAOMEZE!
You take 4 damage, and have 28/104 hp.
You barely miss something. Something hits you.
* * * LOW HITPOINT WARNING * * *
Something steals 13 of your 28 poisoned darts!
You take 3 damage, and have 25/104 hp.
You scratch something but do no damage. You miss something.
You hear a zap.
A bolt of acid appears from out of thin air!
The bolt of acid hits you!!
* * * LOW HITPOINT WARNING * * *
You are splashed with acid!
You die...

###.........#.
#........####
#..######## #
## #..#
#.###..#
......####
#........# #
#........# ##
##@......# .#
##..{.$...#
.##
#..#[....##
..##
##.###....#
#..## ##..#
#..## ##..##
##..## #(#
#...# ##..##
## ###..##
##...# #
##..###....###
####


There were no monsters in sight!

Vanquished Creatures
  Erica (D:9)
  A two-headed ogre (D:8)
  Joseph (D:9)
  Prince Ribbit (D:9)
  A hippogriff (D:7)
  A water moccasin (D:7)
  2 orc warriors
  A black bear (D:6)
  3 ice beasts
  3 sky beasts
  2 ogres
  5 centaurs
  A phantom (D:6)
  A big kobold (D:8)
  3 bullfrogs
  A wyvern zombie (D:7)
  Blork the orc (D:6)
  A scorpion (D:4)
  3 wights (D:7)
  2 howler monkeys
  6 crimson imps
  2 hounds
  A bullfrog zombie (D:6)
  3 jellies
  4 orc wizards
  6 orc priests
  A bullfrog skeleton (D:7)
  An iguana (D:9)
  5 worker ants
  2 hound skeletons
  4 gnolls (D:2)
  9 adders
  2 shadow imps
  2 adder zombies
  5 worms
  5 leopard geckos
  26 orcs
  10 bats
  2 giant cockroaches
  7 hobgoblins
  9 jackals
  6 quokkas
  A ball python (D:5)
  A frilled lizard (D:3)
  6 goblins
  14 kobolds
  A leopard gecko skeleton (D:4)
  A quokka skeleton (D:7)
  8 rats
185 creatures vanquished.

Notes
Turn   | Place    | Note
-------+----------+-------------------------------------------
     0 | D:1      | drasked the Troll Monk began the quest for the Orb.
     0 | D:1      | Reached XP level 1. HP: 22/22 MP: 0/0
   806 | D:2      | Reached XP level 2. HP: 28/29 MP: 1/1
   997 | D:2      | Reached XP level 3. HP: 36/36 MP: 2/2
  1029 | D:2      | Reached skill level 4 in Unarmed Combat
  1138 | D:2      | Reached skill level 3 in Fighting
  1145 | D:2      | Found an ornate altar of the Wu Jian Council.
  1145 | D:2      | Found an ancient bone altar of Kikubaaqudgha.
  1150 | D:2      | Reached XP level 4. HP: 36/45 MP: 3/3
  1168 | D:2      | Found an iron altar of Okawaru.
  1174 | D:2      | Found a hazy altar of Hepliaklqana.
  1176 | D:2      | Found a deep blue altar of Sif Muna.
  1296 | D:2      | Found a basalt altar of Yredelemnul.
  1778 | D:3      | Reached skill level 5 in Unarmed Combat
  1778 | D:3      | Reached XP level 5. HP: 46/53 MP: 4/4
  1920 | D:3      | Found a faded altar of an unknown god.
  2200 | D:4      | Found Oleneim's Book Emporium.
  2219 | D:4      | Noticed an ogre
  2233 | D:3      | Killed an ogre
  2233 | D:3      | Reached XP level 6. HP: 30/62 MP: 5/5
  2385 | D:4      | Found a burning altar of Makhleb.
  2400 | D:4      | Found a glowing silver altar of Zin.
  2400 | D:4      | Noticed an angel
  2400 | D:4      | Noticed a balrug
  2406 | D:4      | Found Imolit's Food Boutique.
  2417 | D:4      | Found a glowing golden altar of the Shining One.
  2522 | D:4      | Found a shattered altar of Ashenzari.
  2532 | D:4      | Found Itusosh's Armour Shop.
  2559 | D:4      | Reached skill level 6 in Unarmed Combat
  2585 | D:4      | Reached skill level 4 in Fighting
  2591 | D:4      | Found Wyetoips's Assorted Antiques.
  2650 | D:4      | Bought a scroll labeled GYDOREHOEV for 16 gold pieces
  2650 | D:4      | Bought a murky puce potion for 14 gold pieces
  2650 | D:4      | Bought a runed robe for 59 gold pieces
  2650 | D:4      | Bought a scroll labeled IMYSUI GECLO for 16 gold pieces
  2918 | D:5      | Entered Level 5 of the Dungeon
  2956 | D:5      | Reached XP level 7. HP: 70/70 MP: 6/6
  2982 | D:5      | Reached skill level 7 in Unarmed Combat
  3765 | D:5      | Found a sacrificial altar of Ru.
  4207 | D:6      | Reached skill level 8 in Unarmed Combat
  4213 | D:6      | Reached skill level 5 in Fighting
  4261 | D:6      | Reached XP level 8. HP: 78/80 MP: 7/7
  4327 | D:6      | Noticed Blork the orc
  4791 | D:6      | Reached skill level 9 in Unarmed Combat
  4812 | D:6      | Killed Blork the orc
  5342 | D:7      | Reached skill level 6 in Fighting
  5348 | D:7      | Noticed a hippogriff
  5363 | D:7      | Reached skill level 10 in Unarmed Combat
  5369 | D:7      | Killed a hippogriff
  5369 | D:7      | Reached XP level 9. HP: 33/89 MP: 8/8
  5718 | D:7      | Found a staircase to the Ecumenical Temple.
  5739 | D:7      | Reached skill level 11 in Unarmed Combat
  5953 | Temple   | Entered the Ecumenical Temple
  6394 | D:8      | Noticed a two-headed ogre
  6402 | D:8      | Killed a two-headed ogre
  6402 | D:8      | Reached skill level 7 in Fighting
  6570 | D:8      | Found a sacrificial altar of Ru.
  6624 | D:8      | Found a hide-covered altar of Uskayaw.
  6724 | D:9      | Noticed Prince Ribbit
  6734 | D:9      | Killed Prince Ribbit
  6734 | D:9      | Reached skill level 12 in Unarmed Combat
  6734 | D:9      | Reached XP level 10. HP: 87/102 MP: 9/9
  6764 | D:9      | Noticed Erica
  6782 | D:9      | Killed Erica
  6867 | D:9      | Noticed Joseph
  6882 | D:9      | Killed Joseph
  7177 | D:9      | Noticed Maurice
  7197 | D:9      | HP: 25/104 [something (3)]
  7199 | D:9      | HP: 7/104 [something/bolt of acid (19)]
  7199 | D:9      | Splashed by Maurice's acid

Levels and vault maps discovered:
D:1:      matt_arrival_diagonals, layout_basic
D:2:      layout_rooms, nicolae_overflow_crystal_walls,
          chequers_temple_overflow_minitemple, st_stairs_3
D:3:      layout_loops_ring, chequers_ecumenical_altar_simple
D:4:      layout_basic, grunt_temple_overflow_order_and_chaos_2,
          lemuel_crystal_altar, nicolae_overflow_hidden_temple, serial_shops,
          shop, shop_fountains, shop, shop
D:5:      layout_layer_cave, nicolae_ru_awakened_eye, first_ration
D:6:      layout_layer_cave, uniq_blork_the_orc
D:7:      layout_rooms, minmay_temple_entry_stoned_glass
D:8:      layout_cave_pools, kennysheep_little_box, basic_altar
D:9:      layout_cave_pods, uniq_erica, uniq_prince_ribbit1, uniq_joseph,
          uniq_maurice
Temple:   cyrus_temple_forest

Skill      XL: |  1  2  3  4  5  6  7  8  9 |
---------------+----------------------------+-----
Unarmed Combat | 4 5 6 8 10 12 | 12.6
Fighting       | 3 4 5 6 7 |  7.9
Dodging        | |  2.4
Stealth        | |  1.0

Action                   |  1- 3 |  4- 6 |  7- 9 | 10-12 || total
-------------------------+-------+-------+-------+-------++-------
Melee: Unarmed           |   102 |   167 |   252 |    34 ||   555
       Punch             |     1 |       |    15 |     1 ||    17
Throw: Dart              |       |       |     8 |    11 ||    19
Evoke: Wand              |       |       |     4 |     3 ||     7
  Use: Scroll            |       |     4 |       |       ||     4
 Stab: Sleeping          |     3 |     9 |     6 |       ||    18
  Eat: Chunk             |    16 |    15 |    35 |     5 ||    71
Armor: Robe              |    49 |    68 |    68 |     8 ||   193
Dodge: Dodged            |    62 |   102 |   102 |    12 ||   278

Table legend:
 A = Non-vault XP
 B = Vault XP
 C = Vault XP percentage of total XP
 D = Non-vault monster count
 E = Vault monster count
 F = Vault count percentage of total count
                 A         B        C        D         E       F
            +---------+---------+-------+---------+---------+-------
      Total |    5857 |    1743 |  22.9 |     180 |       5 |   2.7
            +---------+---------+-------+---------+---------+-------
        D:1 |      10 |       0 |   0.0 |       6 |       0 |   0.0
        D:2 |     133 |       1 |   0.7 |      36 |       1 |   2.7
        D:3 |     240 |       0 |   0.0 |      28 |       0 |   0.0
        D:4 |     299 |       0 |   0.0 |      24 |       0 |   0.0
        D:5 |     465 |       0 |   0.0 |      12 |       0 |   0.0
        D:6 |     962 |      87 |   8.3 |      18 |       1 |   5.3
        D:7 |    1921 |       0 |   0.0 |      29 |       0 |   0.0
        D:8 |    1359 |       0 |   0.0 |      18 |       0 |   0.0
        D:9 |     468 |    1655 |  78.0 |       9 |       3 |  25.0
            +---------+---------+-------+---------+---------+-------

Levels and vault maps discovered:
D:1:      matt_arrival_diagonals, layout_basic
D:2:      layout_rooms, nicolae_overflow_crystal_walls,
          chequers_temple_overflow_minitemple, st_stairs_3
D:3:      layout_loops_ring, chequers_ecumenical_altar_simple
D:4:      layout_basic, grunt_temple_overflow_order_and_chaos_2,
          lemuel_crystal_altar, nicolae_overflow_hidden_temple, serial_shops,
          shop, shop_fountains, shop, shop
D:5:      layout_layer_cave, nicolae_ru_awakened_eye, first_ration
D:6:      layout_layer_cave, uniq_blork_the_orc
D:7:      layout_rooms, minmay_temple_entry_stoned_glass
D:8:      layout_cave_pools, kennysheep_little_box, basic_altar
D:9:      layout_cave_pods, uniq_erica, uniq_prince_ribbit1, uniq_joseph,
          uniq_maurice
Temple:   cyrus_temple_forest

Table legend:
 A = Turns spent in this place as a percentage of turns spent in the entire game.
 B = Non-inter-level travel turns spent in this place as a percentage of non-inter-level travel turns spent in the entire game.
 C = Inter-level travel turns spent in this place as a percentage of turns spent in this place.
 D = Turns resting spent in this place as a percentage of non-inter-level travel turns spent in this place.
 E = Turns spent auto-exploring this place as a percentage of non-inter-level travel turns spent in this place.
 F = Non-inter-level travel turns spent in this place divided by the number of levels of this place that you've seen.
                   A       B       C       D       E      F
               +-------+-------+-------+-------+-------+----------------------
         Total | 100.0 | 100.0 |   5.3 |   5.7 |  69.1 | 681.4
       Dungeon |  97.4 |  97.3 |   5.5 |   5.8 |  70.7 | 736.8
        Temple |   2.6 |   2.7 |   0.5 |   0.0 |  10.4 | 183.0
               +-------+-------+-------+-------+-------+----------------------

Table legend:
 A = Kills in this place as a percentage of kills in entire the game.
 B = Kills by you in this place as a percentage of kills by you in the entire game.
 C = Kills by friends in this place as a percentage of kills by friends in the entire game.
 D = Other kills in this place as a percentage of other kills in the entire game.
 E = Experience gained in this place as a percentage of experience gained in the entire game.
 F = Experience gained in this place divided by the number of levels of this place that you have seen.
                   A       B       C       D       E      F
               +-------+-------+-------+-------+-------+----------------------
         Total | 100.0 | 100.0 |   N/A |   N/A | 100.0 | 760.0
       Dungeon | 100.0 | 100.0 |   N/A |   N/A | 100.0 | 844.4
               +-------+-------+-------+-------+-------+----------------------
